 Dungeon Crawl Stone Soup version 0.30-a0-862-g1aabd4f9c5 (webtiles) character file.

Game seed: 5825117781592670551

37228 avis the Marksdemigod (level 13, -10/111 HPs)
             Began as a Demigod Ice Elementalist on Mar 6, 2023.
             Mangled by a death yak (18 damage)
             ... on level 4 of the Lair of Beasts on Mar 9, 2023.
             The game lasted 02:11:51 (17890 turns).

avis the Marksdemigod (Demigod Ice Elementalist)   Turns: 17890, Time: 02:11:51

Health: -10/111    AC: 15    Str:  9    XL:     13   Next: 25%
Magic:  5/7        EV: 19    Int: 22    God:
Gold:   1027       SH:  0    Dex: 30    Spells: 4/18 levels left

rFire   + . .      SeeInvis +    w - +8 sling "Ywoumn" {antimagic, rF+}
rCold   . . .      Faith    .    (no shield)
rNeg    . . .      Spirit   .    S - +2 leather armour of Duhauss {Drain Int+5 SInv Stlth+}
rPois   +          Reflect  .    l - +1 helmet
rElec   .          Rampage  .    (no cloak)
rCorr   .                        F - +0 pair of gloves
Will    +....                    O - +0 pair of boots
Stlth   +++++                    (no amulet)
HPRegen 0.38/turn                W - ring of flight
MPRegen 0.10/turn                s - ring of poison resistance

@: ice-armoured, about to teleport, freezing walls, flying
A: high MP 1, forlorn, divine attributes
a: no special abilities


You were on level 4 of the Lair of Beasts.
You visited 3 branches of the dungeon, and saw 15 of its levels.
You also visited: Ossuary and Bailey.

You collected 1027 gold pieces.

Inventory:

Hand Weapons
 a - a +2 short sword of speed
 b - a +2 shortbow of chaos
 p - a +0 broad axe
 w - the +8 sling "Ywoumn" (weapon) {antimagic, rF+}
   (You found it on level 9 of the Dungeon)

   rF:        It protects you from fire.
Missiles
 m - 2 atropa-tipped darts
 P - 4 throwing nets
Armour
 l - a +1 helmet (worn)
 v - a scarf of harm
 F - a +0 pair of gloves (worn)
 O - a +0 pair of boots (worn)
 S - the +2 leather armour of Duhauss (worn) {Drain Int+5 SInv Stlth+}
   (You found it in a bailey)

   Int:       It affects your intelligence (+5).
   SInv:      It lets you see invisible.
   Drain:     It drains your maximum health when unequipped.
   Stlth:     It makes you more stealthy.
Jewellery
 c - a ring of fire
 n - a ring of resist corrosion
 s - a ring of poison resistance (right hand)
 W - a ring of flight (left hand)
Wands
 d - a wand of roots (10)
 f - a wand of polymorph (4)
 r - a wand of mindburst (19)
 E - a wand of paralysis (8)
 I - a wand of flame (58)
 L - a wand of quicksilver (5)
Scrolls
 e - a scroll of enchant armour
 k - 2 scrolls of magic mapping
 o - 2 scrolls of teleportation
 q - a scroll of enchant weapon
 x - 3 scrolls of fog
 y - 2 scrolls of noise {unknown}
 D - 2 scrolls of blinking {unknown}
 G - 2 scrolls of fear {unknown}
 M - 2 scrolls of poison {unknown}
Potions
 g - 4 potions of ambrosia
 h - 3 potions of berserk rage
 i - a potion of magic
 j - 3 potions of cancellation
 z - 2 potions of invisibility
 A - 2 potions of might
 B - 2 potions of flight
 C - 3 potions of curing


   Skills:
 - Level 9.0 Fighting
 - Level 16.0 Ranged Weapons
 - Level 5.0 Armour
 * Level 8.0 Dodging
 - Level 5.0 Stealth
 - Level 3.0 Spellcasting
 - Level 2.0 Transmutations
 - Level 6.0 Ice Magic
 - Level 3.0 Air Magic


You had 4 spell levels left.
You knew the following spells:

 Your Spells              Type           Power      Damage    Failure   Level
a - Freeze                Ice            100%       1d10      1%          1
c - Passwall              Tmut/Erth      5%         N/A       16%         2
e - Wereblood             Tmut           12%        N/A       11%         2
f - Swiftness             Air            16%        N/A       14%         3
o - Ozocubu's Armour      Ice            29%        N/A       4%          3
r - Frozen Ramparts       Ice            58%        1d9       4%          3

Your spell library contained the following spells:

 Spells                   Type           Power      Damage    Failure   Level
 Beastly Appendage        Tmut           24%        N/A       7%          1
 Ensorcelled Hibernation  Hex/Ice        32%        N/A       7%          2
 Sandblast                Erth           6%         2d5       16%         1
 Spider Form              Tmut/Pois      7%         N/A       32%         3
 Stone Arrow              Conj/Erth      6%         3d7       43%         3
 Airstrike                Air            8%         2d(2-18)  43%         4
 Summon Ice Beast         Ice/Summ       16%        N/A       43%         4
 Animate Armour           Summ/Erth      6%         N/A       85%         4
 Iskenderun's Mystic Bla  Conj/Tloc      3%         2d3       85%         4
 Passage of Golubria      Tloc           3%         N/A       85%         4
 Ozocubu's Refrigeration  Ice            14%        4d10      100%        7


Dungeon Overview and Level Annotations

Branches:
Dungeon (10/15)            Temple (1/1) D:4            Lair (4/5) D:9
  Swamp (0/4) Lair:2       Spider (0/4) Lair:2      Ossuary (visited)
 Bailey (visited)
  Slime: Lair:4-5       Orc: D:9-12

Annotations:
D:7 2 transporters, Grum; retardedninja's ghost, novice GnFi


Innate Abilities, Weirdness & Mutations

You have an increased reservoir of magic. (+10% MP)
You shall have no god before yourself.
Your divine heritage dramatically boosts your attributes as you level up.


Message History

Fire: w) +8 sling "Ywoumn" {antimagic, rF+}
Press: ? - help, Q - select action, (/) - cycle Shift-Dir - straight line, f/p - death yak
Aim: a death yak (severely wounded, berserk, unusually resistant, 87% to hit)
You shoot a sling bullet.
The sling bullet hits the death yak but does no damage.
The death yak is severely wounded.
The death yak completely resists.
The wall freezes the death yak but does no damage.
The death yak closely misses you.
Fire: w) +8 sling "Ywoumn" {antimagic, rF+}
Press: ? - help, Q - select action, (/) - cycle Shift-Dir - straight line, f/p - death yak
Aim: a death yak (severely wounded, berserk, unusually resistant, 87% to hit)
You shoot a sling bullet. The sling bullet hits the death yak!
The death yak is severely wounded.
The frozen ramparts melt away.
The death yak gores you!!
* * * LOW HITPOINT WARNING * * *
The death yak barely misses you.
Casting: Frozen Ramparts (mildly dangerous; 4% risk of failure)
Confirm with . or Enter, or press ? or * to list all spells.
Casting: Frozen Ramparts (mildly dangerous; 4% risk of failure)
Press: ? - help, Dir - look around, f - activate The walls around you are covered in ice.
The wall freezes the death yak but does no damage.
The wall freezes the death yak.
The death yak resists.
The wall freezes the death yak.
The death yak gores you!!
* * * LOW HITPOINT WARNING * * *
Fire: w) +8 sling "Ywoumn" {antimagic, rF+}
Press: ? - help, Q - select action, (/) - cycle Shift-Dir - straight line, f - death yak
Aim: a death yak (severely wounded, berserk, unusually resistant, 87% to hit)
Okay, then.
Okay, then.
As you read the scroll of teleportation, it crumbles to dust.
You feel strangely unstable.
The wall freezes the death yak but does no damage.
The death yak gores you but does no damage.
The wall freezes the death yak but does no damage.
The wall freezes the death yak!
The death yak completely resists.
The wall freezes the death yak but does no damage.
The death yak gores you!!
You die...

##......#
#......#
#.....##
#.....##
#......#
#......#
#.....P#
###......#
#@#.....##
##YY....#
#YY....#
##......#
#.......#
##......##
##......#
#......##
##.....#


You could see 4 death yaks.

Vanquished Creatures
  Kirke (Lair:3)
  A boulder beetle (Lair:1)
  2 hydras (Lair:2)
  A death yak (Lair:4)
  A two-headed ogre (D:8)
  Sonja (Lair:1)
  A skyshark (Lair:3)
  A wolf spider (Lair:2)
  3 elephants
  3 black mambas
  Joseph (D:7)
  5 rime drakes
  7 cane toads
  7 komodo dragons
  A polar bear (Lair:2)
  3 trolls
  12 blink frogs
  A hornet (D:8)
  A dream sheep (shapeshifter) (Lair:2)
  A dream sheep (Lair:2)
  A culicivora (Lair:2)
  A jumping spider (Lair:2)
  33 yaks
  A vampire (D:9)
  2 wraiths (D:9)
  6 wyverns
  3 hogs (Lair:3)
  3 basilisks
  2 steam dragons (D:7)
  2 vampire mosquitoes (Lair:2)
  8 water moccasins
  3 sky beasts
  7 orc warriors
  A black bear (D:5)
  19 wolves
  A centaur (D:4)
  2 ogres
  2 phantoms
  6 kobold brigands
  2 elf zombies (Ossuary)
  4 scorpions
  A gnoll sergeant (D:9)
  8 bullfrogs
  3 wights (D:6)
  5 electric eels
  4 howler monkeys
  2 lava snakes
  A centaur zombie (Ossuary)
  9 hounds
  2 jellies
  3 human zombies (Ossuary)
  5 orc priests
  5 iguanas
  4 orc wizards
  A statue (D:8)
  A hound zombie (Ossuary)
  3 mummies (Ossuary)
  10 gnolls
  7 adders
  A shadow imp (D:6)
  2 white imps
  An ufetubus (D:4)
  5 adder zombies (Ossuary)
  2 dart slugs (D:2)
  30 orcs
  5 ball pythons
  6 bats
  10 endoplasms
  5 giant cockroaches
  11 goblins
  7 hobgoblins
  34 kobolds
  3 quokkas
  5 frilled lizards
  3 goblin zombies (Ossuary)
  4 hobgoblin zombies (Ossuary)
  5 jackal zombies (Ossuary)
  4 kobold zombies (Ossuary)
  2 orc zombies (Ossuary)
  6 rats
  5 rat zombies (Ossuary)
  A butterfly (Lair:4)
394 creatures vanquished.

Vanquished Creatures (others)
  9 fungi
  32 plants
41 creatures vanquished.

Grand Total: 435 creatures vanquished

Notes
Turn   | Place    | Note
-------+----------+-------------------------------------------
     0 | D:1      | avis the Demigod Ice Elementalist began the quest for the
                  | Orb.
     0 | D:1      | Reached XP level 1. HP: 14/14 MP: 5/5
   319 | D:1      | Reached XP level 2. HP: 19/20 MP: 2/7
  1207 | D:2      | Reached XP level 3. HP: 26/26 MP: 7/9
  1211 | D:2      | Learned a level 3 spell: Frozen Ramparts
  1215 | D:2      | Learned a level 3 spell: Ozocubu's Armour
  2616 | D:3      | Reached XP level 4. HP: 33/33 MP: 3/10
  2823 | D:4      | Noticed a sky beast
  2937 | D:3      | Killed a sky beast
  2938 | D:3      | Reached skill level 5 in Ice Magic
  2938 | D:3      | Reached XP level 5. HP: 16/41 MP: 3/12
  3072 | D:4      | Noticed a sky beast
  3072 | D:4      | Found a staircase to the Ecumenical Temple.
  3131 | D:4      | Found a sand-covered staircase.
  3142 | Ossuary  | Entered an ossuary
  3511 | Ossuary  | Reached XP level 6. HP: 41/51 MP: 13/13
  4413 | D:4      | Reached XP level 7. HP: 24/59 MP: 11/14
  4581 | D:4      | Reached skill level 1 in Ranged Weapons
  4843 | D:4      | Learned a level 2 spell: Passwall
  4892 | Temple   | Entered the Ecumenical Temple
  4912 | D:5      | Entered Level 5 of the Dungeon
  5103 | D:5      | Reached skill level 2 in Ranged Weapons
  5311 | D:5      | Reached skill level 3 in Ranged Weapons
  5557 | D:5      | Reached skill level 4 in Ranged Weapons
  5557 | D:5      | Reached XP level 8. HP: 63/66 MP: 9/15
  5571 | D:5      | Reached skill level 5 in Ranged Weapons
  6187 | D:6      | HP: 1/59 [wight/+5 dire flail of freezing (2)]
  6188 | D:6      | Reached skill level 6 in Ranged Weapons
  6434 | D:6      | Reached skill level 5 in Fighting
  6639 | D:6      | Learned a level 2 spell: Wereblood
  7136 | D:6      | Reached skill level 12 in Ranged Weapons
  7136 | D:6      | Reached XP level 9. HP: 74/74 MP: 16/16
  7137 | D:6      | Reached skill level 14 in Ranged Weapons
  7137 | D:6      | Reached XP level 10. HP: 81/81 MP: 17/17
  7163 | D:7      | Noticed Joseph
  7173 | D:7      | Killed Joseph
  7574 | D:7      | Reached skill level 5 in Dodging
  7679 | D:7      | Found a transporter.
  7691 | D:7      | Found a transporter.
  7955 | D:7      | Noticed retardedninja's ghost (novice GnFi)
  7957 | D:7      | Noticed Grum
  8003 | D:7      | Reached XP level 11. HP: 86/86 MP: 12/19
  8256 | D:7      | Identified the ring of Pocauwk {rC- Dex+4 Slay+4 Stlth+}
  8445 | D:8      | Noticed a two-headed ogre
  8450 | D:8      | Killed a two-headed ogre
  8451 | D:8      | Reached skill level 5 in Stealth
  8883 | D:8      | Identified the +3 spear "Onon" {drain, rElec Will+ Str+3}
  9157 | D:9      | Found a flagged portal.
  9168 | Bailey   | Entered a bailey
  9528 | Bailey   | Identified the +0 chain mail of the Morning {Rampage}
  9535 | Bailey   | Identified the +2 leather armour of Duhauss {Drain Int+5
                  | SInv Stlth+}
  9700 | D:9      | Reached skill level 15 in Ranged Weapons
 10133 | D:9      | Found a staircase to the Lair.
 10618 | D:9      | Identified the +8 sling "Ywoumn" {antimagic, rF+}
 10761 | D:10     | Entered Level 10 of the Dungeon
 10908 | Lair:1   | Entered Level 1 of the Lair of Beasts
 11141 | Lair:1   | Noticed Sonja
 11149 | Lair:1   | Killed Sonja
 11182 | Lair:1   | Reached skill level 16 in Ranged Weapons
 11188 | Lair:1   | Reached skill level 1 in Armour
 11883 | Lair:1   | Reached skill level 5 in Armour
 11883 | Lair:1   | Reached XP level 12. HP: 76/94 MP: 11/20
 12098 | Lair:1   | Noticed a boulder beetle
 12123 | Lair:1   | Killed a boulder beetle
 13625 | Lair:2   | Found a staircase to the Swamp.
 13632 | Lair:2   | Identified the +3 scale mail of the Blue Moon {rCorr Str-3
                  | Stlth+}
 14043 | Lair:2   | Noticed a four-headed hydra
 14043 | Lair:2   | Noticed a six-headed hydra
 14051 | Lair:2   | Killed a six-headed hydra
 14060 | Lair:2   | Killed a four-headed hydra
 14503 | Lair:2   | Found a hole to the Spider Nest.
 14630 | Lair:1   | Upgraded the game from 0.30-a0-857-gcaf70739d4 to
                  | 0.30-a0-859-gf88a04b62d
 15011 | Lair:3   | Got Wizardry, Part Four
 15174 | Lair:3   | Noticed Kirke
 15194 | Lair:3   | Killed Kirke
 15392 | Lair:2   | Learned a level 3 spell: Swiftness
 15407 | Lair:2   | Reached skill level 1 in Air Magic
 15772 | Lair:3   | Upgraded the game from 0.30-a0-859-gf88a04b62d to
                  | 0.30-a0-860-g512cf1e979
 15984 | Lair:3   | Reached XP level 13. HP: 50/111 MP: 13/21
 16631 | Lair:1   | Upgraded the game from 0.30-a0-860-g512cf1e979 to
                  | 0.30-a0-862-g1aabd4f9c5
 16891 | Lair:3   | HP: 3/111 [yak (10)]
 17890 | Lair:4   | Mangled by a death yak

Illustrated notes

Levels and vault maps discovered:
D:1:      shiori_arrival_oz, layout_loops_ring
D:2:      layout_basic, nicolae_ecumenical_pavilion
D:3:      layout_basic, minmay_circle_x
D:4:      layout_rooms, minmay_temple_entry_offerings, enter_ossuary_1,
          minmay_surrounded
D:5:      layout_loops_ring
D:6:      layout_basic, kennysheep_mini_moat
D:7:      layout_cave_pools, nicolae_overflow_crystal_walls,
          gammafunk_ghost_gnarly_gnolls, uniq_joseph
D:8:      layout_gridville, okawaru_ov_weapons_minmay, vehumet_statue,
          nicolae_overflow_two_pavilions, minivault_27
D:9:      layout_irregular_city, erik_lair_island, enter_bailey_3,
          hangedman_abyss_or_decor_lesser_grid, nicolae_lava_and_water,
          minmay_misc_feat_pillars
D:10:     layout_loops_corners, dancing_weapons_uskayaw, ashenzari_altar_1,
          orc_0_dummy, serial_shops, shop, nicolae_water_bricks,
          minmay_misc_feat_x
Temple:   compressed_dpeg_circular_temple
Lair:1:   hellmonk_ruined_rings, layout_regular_city, nzn_sisyphean_effort,
          uniq_sonja
Lair:2:   layout_regular_city, minmay_swamp_entry_swarm,
          spider_nest_entry_funnel_web, minmay_shattered_shrine
Lair:3:   layout_hall_layers, pdpol_lair_neglected_garden, serial_bayou_shore_a,
          grunt_megastairs_2, uniq_kirke
Lair:4:   layout_cellular_growth, basic_altar, grunt_megastairs_1,
          infiniplex_staircase_pool_2, lemuel_fruit_fields

Skill      XL: |  1  2  3  4  5  6  7  8  9 10 11 12 13 |
---------------+----------------------------------------+-----
Ice Magic      | 4 5 6 |  6.0
Spellcasting   | 2 3 |  3.0
Fighting       | 2 3 4 5 9 |  9.0
Dodging        | 2 3 4 5 8 |  8.0
Stealth        | 2 3 4 5 |  5.0
Ranged Weapons | 4 12 14 16 | 16.0
Armour         | 5 |  5.0
Transmutations | 2 |  2.0
Air Magic      | 3 |  3.0

Action                     |  1- 3 |  4- 6 |  7- 9 | 10-12 | 13-15 || total
---------------------------+-------+-------+-------+-------+-------++-------
  Melee: Dagger            |    20 |       |       |       |       ||    20
         Rapier            |     1 |   266 |     6 |       |       ||   273
         Punch             |       |     5 |       |       |       ||     5
   Fire: Shortbow          |       |       |   139 |   743 |   110 ||   992
         Sling             |       |       |       |    10 |    28 ||    38
  Throw: Boomerang         |       |    40 |       |       |       ||    40
   Cast: Freeze            |    51 |     6 |     1 |       |       ||    58
         Ozocubu's Armour  |     1 |    27 |    17 |    79 |    13 ||   137
         Frozen Ramparts   |     1 |     4 |    20 |    50 |    13 ||    88
         Passwall          |       |       |     2 |       |       ||     2
         Wereblood         |       |       |       |     1 |       ||     1
    Use: Potion            |       |     1 |     3 |     8 |     3 ||    15
         Scroll            |       |       |    12 |    12 |     3 ||    27
   Stab: Sleeping          |    16 |     3 |       |       |       ||    19
 Armour: Robe              |     7 |   102 |    19 |     9 |       ||   137
         Leather armour    |       |       |       |    90 |    27 ||   117
  Dodge: Dodged            |    24 |   154 |    72 |   288 |   134 ||   672

Table legend: (Time is in decaauts)
 A = Elapsed time spent in this place.
 B = Non-inter-level travel time spent in this place.
 C = Inter-level travel time spent in this place.
 D = Time resting spent in this place.
 E = Time spent auto-exploring this place.
 F = Levels seen in this place.
 G = Mean time per level.
                   A        B        C        D        E       F      G
               +--------+--------+--------+--------+--------+-----+--------+
         Total |  17822 |  16128 |   1694 |   5625 |   5844 |  17 | 1048.4 |
       Dungeon |   9485 |   8360 |   1125 |   2169 |   4053 |  10 |  948.5 |
        Temple |     30 |     24 |      6 |      0 |      0 |   1 |   30.0 |
          Lair |   6664 |   6101 |    563 |   2752 |   1755 |   4 | 1666.0 |
       Ossuary |   1223 |   1223 |      0 |    528 |     36 |   1 | 1223.0 |
        Bailey |    417 |    417 |      0 |    175 |      0 |   1 |  417.0 |
               +--------+--------+--------+--------+--------+-----+--------+

Top non-repeatable levels by time:
  Lair:2: 2230 daAuts
  Lair:1: 2051 daAuts
  Lair:3: 1872 daAuts
     D:6: 1447 daAuts
 Ossuary: 1223 daAuts
     D:9: 1134 daAuts
     D:5: 1117 daAuts
     D:1: 1072 daAuts
     D:3: 1040 daAuts
     D:2: 1018 daAuts
     D:7: 998 daAuts
     D:8: 829 daAuts
     D:4: 781 daAuts
  Lair:4: 509 daAuts
  Bailey: 417 daAuts
